 Dungeon Crawl Stone Soup version 0.14-a0-181-gf6fe0c6 (webtiles) character file.

108 Malachi the Skirmisher (level 3, -2/27 (30) HPs)
             Began as a Ghoul Abyssal Knight on Oct 7, 2013.
             Was a Believer of Lugonu.
             Killed by a spatial distortion (4 damage)
             ... on Level 2 of the Dungeon.
             The game lasted 00:02:26 (1065 turns).

Malachi the Skirmisher (Ghoul Abyssal Knight)       Turns: 1065, Time: 00:02:26

HP  -2/27 (30)   AC  3     Str 16      XL: 3   Next: 58%
MP   4/4         EV 11     Int  7      God: Lugonu [**....]
Gold 65          SH  0     Dex  8      Spells:  0 memorised,  2 levels left

Res.Fire  : . . .   See Invis. : .   a - +2 mace
Res.Cold  : + . .   Warding    : .   b - +0 leather armour
Life Prot.: + + +   Conserve   : .   (no shield)
Res.Poison: +       Res.Corr.  : .   (no helmet)
Res.Elec. : .       Clarity    : .   (no cloak)
Sust.Abil.: . .     Spirit.Shd : .   (no gloves)
Res.Mut.  : .       Stasis     : .   (no boots)
Res.Rott. : +       Flight     : .   (no amulet)
Saprovore : + + +                    (no ring)
                                     (no ring)

@: rotting, not resistant to hostile enchantments, very unstealthy
A: rotting body, claws 1, carnivore 3, cold resistance 1, life protection 3,
poison resistance, saprovore 3, slow healing 1, torment resistance, unbreathing
a: Depart the Abyss, Bend Space, Renounce Religion


You were on level 2 of the Dungeon.
You worshipped Lugonu.
Lugonu was pleased with you.
You were not hungry.

You visited 1 branch of the dungeon, and saw 2 of its levels.
You visited the Abyss 1 time.

You collected 45 gold pieces.

Inventory:

Hand weapons
 a - a +2,+2 mace (weapon)
Armour
 b - a +0 leather armour (worn)
Comestibles
 k - 2 meat rations
Scrolls
 d - a scroll of blinking {unknown}
 e - 4 scrolls of remove curse {unknown}
 f - 2 scrolls of identify {unknown}
 i - a scroll of recharging {unknown}
 j - a scroll of magic mapping {unknown}
 l - a scroll of enchant armour {unknown}
 m - a scroll of enchant weapon II {unknown}
Potions
 c - 4 potions of curing {unknown}
 g - a potion of invisibility {unknown}
 h - a potion of paralysis {unknown}


   Skills:
 + Level 3.8 Fighting
 + Level 2.2 Maces & Flails
 + Level 2.0 Armour
 + Level 1.7 Dodging
 + Level 2.0 Invocations


You had 2 spell levels left.
You didn't know any spells.

Dungeon Overview and Level Annotations

Branches:
Dungeon (2/27)

Altars:


Innate Abilities, Weirdness & Mutations

Your body is rotting away.
You have sharp fingernails.
You are carnivorous and can eat meat at any time.
Your flesh is cold resistant.
You are immune to negative energy.
Your system is resistant to poisons.
You thrive on rotten meat.
You heal slowly.
You are immune to unholy pain and torment.
You can survive without breathing.


Message History

You closely miss the kobold.
The kobold is moderately wounded.
The kobold hits you but does no damage.
You hit the kobold.
The kobold is almost dead.
The kobold barely misses you. The kobold hits you with a short sword.
* * * LOW HITPOINT WARNING * * *
You closely miss the kobold.
The kobold is almost dead.
The kobold hits you but does no damage.
You hit the kobold but do no damage.
The kobold is almost dead.
The kobold hits you with a short sword.
* * * LOW HITPOINT WARNING * * *
You hit the kobold.
You kill the kobold!
Lugonu accepts your kill.
Use which ability? (? or * to list) Space bends around you!
You blink.
You die...

##########
#...ยง)...#
#.####.######@#
#.........# #.#
######.##.# #.#
#######.##.###.#
.........)....#.#
#######.#..#.#.#
###........#
#....#.....#
#.#....)...#


There were no monsters in sight!

Vanquished Creatures
  An adder (D:2)
  A giant gecko (D:1)
  An ooze (D:1)
  A giant cockroach (D:1)
  A goblin (D:1)
  6 hobgoblins
  5 bats
  8 giant newts (D:1)
  7 kobolds
  2 rats
33 creatures vanquished.

Notes
Turn   | Place    | Note
--------------------------------------------------------------
     0 | Abyss:1  | Malachi, the Ghoul Abyssal Knight, began the quest for the Orb.
     0 | Abyss:1  | Reached XP level 1. HP: 17/17 MP: 1/1
    20 | D:1      | Escaped the Abyss
    52 | D:1      | Reached skill level 1 in Dodging
   174 | D:1      | Reached XP level 2. HP: 15/24 MP: 2/2
   414 | D:1      | Acquired Lugonu's second power
   525 | D:1      | Reached XP level 3. HP: 21/28 MP: 4/4
  1065 | D:2      | Killed by a spatial distortion

Action                   || total
-------------------------++-------
Melee: Mace              ||   125
Invok: Bend Space        ||     2
